 Dungeon Crawl Stone Soup version 0.28-a0-1395-g4f6bc678fa (webtiles) character file.

Game seed: 14154891035397375747

1360 Deminshera the Thaumaturge (level 8, -8/50 HPs)
             Began as a Djinni Conjurer on Jan 4, 2022.
             Mangled by an orc (14 damage)
             ... on level 5 of the Dungeon.
             The game lasted 00:08:20 (7930 turns).

Deminshera the Thaumaturge (Djinni Conjurer)        Turns: 7930, Time: 00:08:21

Health: -8/50      AC:  2    Str:  6    XL:     8   Next: 96%
Gold:   128        EV: 12    Int: 22    God:
                   SH:  0    Dex: 12

rFire   + . .      SeeInvis .   (no weapon)
rCold   . . .      Faith    .   (no shield)
rNeg    . . .      Spirit   .   a - +0 robe
rPois   ∞          Reflect  .   (no helmet)
rElec   .          Harm     .   (no cloak)
rCorr   +          Rampage  .   (no gloves)
Will    .....                   (boots unavailable)
Stlth   ++........              (no amulet)
HPRegen 0.16/turn               p - ring of resist corrosion
MPRegen 0.00/turn               m - ring of ice

@: flying
A: sickness immunity, fire resistance 2, cold vulnerability 1, float, innate
caster, hp casting, extra vitality 1
a: no special abilities


You were on level 5 of the Dungeon.
You visited 1 branch of the dungeon, and saw 5 of its levels.
You also visited: Ossuary.

You collected 128 gold pieces.

Inventory:

Missiles
 j - 160 stones
Armour
 a - a +0 robe (worn)
Jewellery
 m - a ring of ice (right hand)
 p - a ring of resist corrosion (left hand)
Scrolls
 e - 2 scrolls of teleportation
 f - 2 scrolls of amnesia {unknown}
 g - a scroll of holy word {unknown}
 n - 2 scrolls of vulnerability
 q - a scroll of fear {unknown}
Potions
 b - 2 potions of resistance {unknown}
 c - 2 potions of degeneration {unknown}
 d - a potion of berserk rage {unknown}
 h - 8 potions of curing
 i - 2 potions of mutation {unknown}
 k - 5 potions of brilliance {unknown}
 l - a potion of experience {unknown}
 o - a potion of haste {unknown}
 r - 2 potions of might {unknown}
 s - a potion of invisibility {unknown}


   Skills:
 - Level 3.0 Dodging
 - Level 2.0 Stealth
 + Level 8.4 Spellcasting


You had 3 spell levels left.
You knew the following spells:

 Your Spells              Type           Power      Damage    Failure   Level
a - Magic Dart            Conj           100%       1d8       1%          1
b - Searing Ray           Conj           92%        2d7       1%          2
c - Dazzling Flash        Conj/Hex       92%        N/A       1%          3
d - Fulminant Prism       Conj/Hex       23%        3d13      2%          4
e - Iskenderun's Mystic   Conj/Tloc      46%        2d10      2%          4
f - Sandblast             Erth           92%        2d19      1%          1
g - Ensorcelled Hibernat  Hex/Ice        100%       N/A       1%          2
h - Confusing Touch       Hex            46%        N/A       1%          3
Your spell library was empty.

Dungeon Overview and Level Annotations

Branches:
Dungeon (5/15)            Ossuary (visited)
 Temple: D:4-7

Altars:
Elyvilon

Shops:
D:1 :   D:4 =


Innate Abilities, Weirdness & Mutations

You are immune to sickness and miasma.
You are immune to poison.
Your flesh is very heat resistant. (rF++)
You are vulnerable to cold. (rC-)
You float through the air rather than walking.
You learn spells naturally, not from books.
Your magical power is your life essence.
You have superior vitality. (+4 MHP)


Message History

The orc hits your fulminant prism with a +0 hand axe of electrocution.
The orc throws a boomerang.
The boomerang hits you but does no damage.
Your fulminant prism crackles loudly.
Your fulminant prism explodes!
The blast of energy engulfs Menkaure!!
Menkaure is severely damaged.
Casting: Fulminant Prism (dangerous; 2% risk of failure)
Confirm with . or Enter, or press ? or * to list all spells.
Aiming: Fulminant Prism (dangerous; 2% risk of failure)
Press: ? - help, Dir - move target You conjure a prism of explosive energy!
A fulminant prism comes into view.
The orc hits you but does no damage.
You are electrocuted!!
The orc hits your fulminant prism with a +0 hand axe of electrocution.
Menkaure barely misses you.
Found a yellow potion.
Your fulminant prism crackles loudly.
Found a scroll labelled VUEMIKH WARHE.
Your fulminant prism explodes!
The blast of energy engulfs Menkaure!
You destroy Menkaure!
Casting: Fulminant Prism (dangerous; 2% risk of failure)
Confirm with . or Enter, or press ? or * to list all spells.
Aiming: Searing Ray (safe; 1% risk of failure)
Press: ? - help, Shift-Dir - straight line The searing ray hits the orc.
The orc is moderately wounded. (Press . to maintain the ray.)
The orc barely misses you.
The searing ray hits the orc.
The orc is almost dead.
The searing ray misses the orc.
* * * LOW HITPOINT WARNING * * *
The orc throws a boomerang.
The boomerang hits you.
* * * LOW HITPOINT WARNING * * *
The orc hits you with a +0 hand axe of electrocution.
* * * LOW HITPOINT WARNING * * *
You are electrocuted!
You die...

#..........!............
?!......................
........................
.....<.o................
........................
........................
#.......................
........o...............
#......@................
#....(..................
#.......................
#.......................
#.......................
#.......................
#.......................
#.......................
.....................


You could see 2 orcs.

Vanquished Creatures
  4 yaks (D:5)
  Menkaure (D:5)
  A sky beast (D:4)
  2 water moccasin zombies (Ossuary)
  A howler monkey (D:5)
  2 jellies (D:5)
  A centaur skeleton (D:5)
  3 iguanas
  An orc wizard (D:3)
  A hound skeleton (D:4)
  2 mummies (Ossuary)
  5 adders
  A white imp (D:5)
  An ufetubus (D:5)
  An adder skeleton (D:4)
  3 adder zombies (Ossuary)
  A worm (D:2)
  4 dart slugs
  9 orcs
  10 ball pythons
  7 bats
  6 endoplasms
  3 giant cockroaches
  9 goblins
  6 hobgoblins
  4 jackals (D:3)
  6 kobolds
  3 quokkas
  3 frilled lizards (D:1)
  2 gnoll zombies (Ossuary)
  6 hobgoblin zombies (Ossuary)
  6 kobold zombies (Ossuary)
  4 orc zombies (Ossuary)
  4 rats
123 creatures vanquished.

Vanquished Creatures (others)
  30 fulminant prisms
  3 fungi (D:2)
  6 plants (D:2)
39 creatures vanquished.

Grand Total: 162 creatures vanquished

Notes
Turn   | Place    | Note
-------+----------+-------------------------------------------
     0 | D:1      | Deminshera the Djinni Conjurer began the quest for the Orb.
     0 | D:1      | Reached XP level 1. HP: 15/15 MP: 0/0
   767 | D:1      | Reached XP level 2. HP: 18/21 MP: 0/0
  1993 | D:1      | Found Jadiasuc's Book Boutique.
  2293 | D:2      | Found a faded altar of an unknown god.
  2355 | D:2      | Reached XP level 3. HP: 22/25 MP: 0/0
  2355 | D:2      | Learned a level 1 spell: Sandblast
  3100 | D:2      | Reached XP level 4. HP: 28/31 MP: 0/0
  3465 | D:2      | Reached skill level 4 in Spellcasting
  4049 | D:3      | Reached XP level 5. HP: 20/35 MP: 0/0
  4049 | D:3      | Learned a level 2 spell: Ensorcelled Hibernation
  4393 | D:3      | Found a white marble altar of Elyvilon.
  4661 | D:4      | Found Peufor's Jewellery Emporium.
  4911 | D:4      | Noticed a sky beast
  4916 | D:4      | Killed a sky beast
  4917 | D:4      | Reached skill level 5 in Spellcasting
  4917 | D:4      | Reached XP level 6. HP: 32/40 MP: 0/0
  5861 | D:5      | Entered Level 5 of the Dungeon
  5861 | D:5      | Noticed a yak
  5864 | D:5      | Noticed a yak
  5865 | D:5      | Noticed a yak
  5866 | D:5      | Noticed a yak
  5873 | D:5      | Killed a yak
  5873 | D:5      | Killed a yak
  5874 | D:5      | Reached skill level 6 in Spellcasting
  5874 | D:5      | Reached XP level 7. HP: 33/45 MP: 0/0
  5874 | D:5      | Learned a level 3 spell: Confusing Touch
  5876 | D:5      | Killed a yak
  5877 | D:5      | Reached XP level 8. HP: 33/50 MP: 0/0
  5882 | D:5      | Killed a yak
  5883 | D:5      | Reached skill level 7 in Spellcasting
  6080 | D:5      | Found a sand-covered staircase.
  6085 | Ossuary  | Entered an ossuary
  7203 | D:5      | Reached skill level 8 in Spellcasting
  7913 | D:5      | Noticed Menkaure
  7927 | D:5      | Killed Menkaure
  7930 | D:5      | Mangled by an orc

Illustrated notes

Levels and vault maps discovered:
D:1:      dpeg_arrival_erosion, layout_basic, serial_shops, shop
D:2:      layout_basic, shapermc_ecumenical_altar_mp_ritualfount
D:3:      layout_rooms, mainiacjoe_overflow_paths
D:4:      layout_loops_cross, serial_shops, shop
D:5:      layout_basic, enter_ossuary_2, uniq_menkaure

Skill      XL: |  1  2  3  4  5  6  7  8 |
---------------+-------------------------+-----
Stealth        | 2 |  2.0
Dodging        | 3 |  3.0
Spellcasting   | 4 5 6 8 |  8.4

Action                   |  1- 3 |  4- 6 |  7- 9 || total
-------------------------+-------+-------+-------++-------
Melee: Unarmed           |       |       |     2 ||     2
 Cast: Magic Dart        |    56 |    83 |    14 ||   153
       Searing Ray       |     5 |     4 |     5 ||    14
       Fulminant Prism   |       |     4 |    26 ||    30
  Use: Scroll            |       |       |     6 ||     6
Armor: Robe              |     1 |     1 |     3 ||     5
Dodge: Dodged            |     6 |     3 |    18 ||    27

Table legend: (Time is in decaauts)
 A = Elapsed time spent in this place.
 B = Non-inter-level travel time spent in this place.
 C = Inter-level travel time spent in this place.
 D = Time resting spent in this place.
 E = Time spent auto-exploring this place.
 F = Levels seen in this place.
 G = Mean time per level.
                   A        B        C        D        E       F      G
               +--------+--------+--------+--------+--------+-----+--------+
         Total |   7929 |   7652 |    277 |   4100 |   3010 |   6 | 1321.5 |
       Dungeon |   7060 |   6783 |    277 |   3416 |   2894 |   5 | 1412.0 |
       Ossuary |    868 |    868 |      0 |    684 |    116 |   1 |  868.0 |
               +--------+--------+--------+--------+--------+-----+--------+

Top non-repeatable levels by time:
     D:1: 2300 daAuts
     D:2: 1479 daAuts
     D:4: 1226 daAuts
     D:5: 1200 daAuts
 Ossuary: 868 daAuts
     D:3: 853 daAuts
